Map: Odyssey LE

Players

JohnSnow - Winner!

  • Race: Terran Terran
  • Spawn Location: 5:00

A.I. 1 (Hard)

  • Race: Protoss Protoss
  • Spawn Location: 11:00

VOD

Have the link to the VOD?

Description

Time

  • Played on: Jan. 12, 2018, 5:56 p.m.
  • Length: 14:37
Show
View Real Time Build Order
Export as new Build Order

JohnSnow Terran - Winner!

Build Orders:  

Get SALT Encoding   

  12  0:02  SCV  
  13  0:14  SCV  
  14  0:20  Supply Depot  
  14  0:26  SCV  
  15  0:41  SCV  
  16  0:45  Barracks  
  16  0:50  Refinery  
  16  1:42  Command Center  
  16  1:50  Orbital Command  
  16  2:22  SCV  
  17  2:26  Barracks  
  17  2:30  Barracks Reactor  
  17  2:44  Refinery, SCV  
  18  2:56  SCV  
  18  2:57  Orbital Command  
  19  3:08  SCV  
  20  3:17  Supply Depot  
  20  3:31  SCV x2  
  20  3:33  Marine x2  
  24  3:39  Barracks Tech Lab  
  24  3:41  Supply Depot  
  24  3:43  SCV x2  
  26  3:49  Factory  
  26  3:51  Marine x2  
  28  4:02  SCV x2  
  30  4:04  Supply Depot  
  30  4:09  Marine  
  30  4:10  Marine x2  
  30  4:14  SCV x2  
  35  4:26  SCV  
  35  4:27  SCV, Marine x2  
  35  4:28  Marine  
  40  4:39  Starport  
  40  4:47  Stimpack  
  40  4:52  Factory Reactor  
  40  5:04  Bunker  
  40  5:08  SCV x2  
  42  5:20  SCV x2  
  44  5:22  Barracks  
  44  5:32  Marine x3  
  47  5:50  Marine x2  
  47  5:51  Marauder  
  51  5:57  Factory Tech Lab  
  51  6:04  Medivac  
  51  6:05  Medivac  
  55  6:12  Marauder, Barracks  
  55  6:16  Barracks Reactor  
  57  6:22  Supply Depot  
  57  6:32  Engineering Bay  
  57  6:37  Armory  
  57  6:48  Siege Tank  
  57  6:50  Marine x3  
  57  6:53  Marine x2  
  64  7:08  Marine x2  
  58  7:09  Marine x2  
  58  7:11  Marine x2  
  60  7:20  Siege Tank  
  63  7:25  SCV x2  
  63  7:26  Marine x2  
  63  7:28  Marauder  
  69  7:30  Refinery  
  69  7:33  Refinery  
  69  7:37  SCV  
  70  7:51  Supply Depot  
  70  7:59  Terran Infantry Weapons Level 1  
  70  8:07  Supply Depot  
  70  8:10  Command Center  
  70  8:12  Marauder, SCV, Marine x5  
  78  8:28  Siege Tank, SCV x2, Medivac  
  78  8:30  Supply Depot, Marine  
  86  8:40  Terran Vehicle Weapons Level 1  
  86  8:52  Marauder, SCV x2, Marine x2, Medivac  
  94  9:13  Supply Depot  
  94  9:21  Siege Tank, SCV x2, Marine x5  
  94  9:22  Marauder  
  106  9:34  SCV x2  
  106  9:35  Supply Depot  
  106  9:37  Orbital Command  
  108  9:39  Marine x3  
  108  9:43  Marauder, Marine  
  108  9:44  Marine  
  115  9:46  SCV x2  
  117  9:53  Terran Infantry Armor Level 1  
  117  9:56  Siege Tank, Medivac x2  
  117  9:57  Marine  
  117  9:58  Supply Depot  
  125  10:19  Marine x4  
  125  10:20  Marauder  
  125  10:21  Supply Depot  
  131  10:26  Medivac  
  133  10:42  Siege Tank, Medivac  
  130  11:23  Marine  
  130  11:24  Marine x5  
  136  11:27  Siege Tank  
  136  11:28  Medivac x2  
  137  11:41  Marine  
  137  11:43  Marauder  
  140  11:58  Medivac  
  140  12:00  Medivac  
  140  12:04  Marauder  
  140  12:08  Siege Tank  
  141  12:25  Supply Depot  
  141  12:34  SCV, Marine  
  141  12:35  Marine  
  141  12:38  SCV, Marine  
  141  12:42  Marine  
  141  12:46  Siege Tank, Marauder, SCV x2, Marine  
  141  12:47  Supply Depot  
  141  12:51  SCV  
  146  12:53  Marine  
  146  12:58  SCV x2  
  146  12:59  Marine  
  149  13:08  Supply Depot, Marauder  
  151  13:29  Marine x3  
  151  13:30  Marauder, Marine x2  
  151  13:32  Siege Tank, Supply Depot  
  151  13:33  Medivac x2  
  165  13:53  Marine x2  
  165  13:54  Marauder  
  169  14:03  Medivac x2  
  169  14:04  Supply Depot x2  
Show
View Real Time Build Order
Export as new Build Order

A.I. 1 (Hard) Protoss 

Build Orders:  

Get SALT Encoding   

  12  0:00  Probe  
  13  0:13  Probe  
  14  0:19  Pylon  
  14  0:25  Probe  
  15  0:37  Probe  
  15  0:40  Gateway  
  16  0:49  Probe, Assimilator  
  17  1:01  Pylon, Probe  
  18  1:13  Probe  
  19  1:25  Probe  
  19  1:30  Zealot  
  19  1:31  Cybernetics Core  
  22  1:44  Gateway  
  22  1:48  Assimilator  
  22  1:57  Zealot  
  24  2:02  Pylon  
  24  2:16  Warp Gate  
  24  2:24  Zealot  
  26  2:31  Zealot  
  28  2:40  Pylon  
  28  2:52  Zealot  
  30  2:58  Zealot  
  32  3:19  Zealot  
  34  3:24  Pylon  
  34  3:25  Stalker  
  36  3:31  Probe  
  37  3:43  Probe  
  37  3:46  Adept  
  40  3:51  Forge  
  40  3:55  Adept, Probe  
  43  4:07  Probe  
  44  4:13  Stalker  
  44  4:16  Pylon  
  46  4:20  Probe  
  47  4:30  Stalker  
  49  4:32  Probe  
  50  6:16  Sentry  
  50  6:17  Protoss Ground Weapons Level 1  
  52  6:18  Gateway  
  52  6:20  Photon Cannon  
  52  6:23  Photon Cannon  
  52  6:26  Adept, Robotics Facility, Nexus  
  52  6:29  Pylon  
  54  6:33  Stargate  
  54  6:36  Twilight Council  
  54  6:38  Forge  
  54  6:39  Adept  
  56  6:49  Stalker  
  58  6:55  Pylon  
  58  6:59  Sentry  
  50  7:11  Protoss Ground Armor Level 1  
  50  7:12  Stalker  
  50  7:13  Observer  
  45  7:22  Zealot  
  45  7:32  Zealot  
  45  7:35  Observer  
  48  7:38  Probe  
  48  7:39  Probe  
  48  7:42  Adept  
  52  7:48  Pylon  
  52  7:50  Probe  
  53  7:51  Probe  
  53  7:52  Stalker  
  56  7:59  Pylon  
  56  8:02  Stalker, Probe  
  56  8:04  Probe  
  60  8:09  Blink  
  60  8:12  Adept  
  62  8:14  Probe  
  62  8:16  Probe  
  64  8:23  Photon Cannon  
  64  8:26  Probe  
  65  8:29  Probe  
  65  8:30  Photon Cannon  
  66  8:38  Probe  
  66  8:41  Probe  
  68  8:51  Probe  
  68  8:53  Probe  
  70  9:17  Assimilator  
  70  9:22  Assimilator  
  70  9:38  Probe  
  70  9:40  Probe  
  72  9:50  Probe  
  72  9:52  Probe  
  74  10:03  Probe  
  75  10:39  Warp Prism  
  75  10:40  Protoss Ground Armor Level 2, Protoss Ground Weapons Level 2, Oracle  
  80  10:43  Templar Archives  
  80  10:47  Gateway  
  80  10:50  Robotics Facility  
  80  10:56  Stargate  
  72  11:04  Zealot  
  72  11:08  Zealot  
  66  11:11  Zealot  
  66  11:12  Nexus  
  66  11:15  Warp Prism  
  67  11:21  Photon Cannon  
  67  11:24  Photon Cannon, High Templar  
  67  11:28  Zealot  
  65  11:36  Sentry  
  65  11:38  Observer  
  66  11:41  Stalker  
  63  11:50  Stalker, Warp Prism  
  55  11:56  Stalker  
  55  12:00  Stalker  
  37  12:04  Zealot, Probe  
  31  12:13  Stalker  
  27  12:17  Probe  
  27  12:19  Zealot  
  28  12:24  Probe  
  28  12:28  Stalker  
  28  12:29  Probe  
  28  12:32  Zealot  
  28  12:36  Stalker  
  27  12:41  Probe  
  24  12:45  High Templar  
  24  12:46  Probe  
  24  12:53  High Templar  
  24  12:56  Probe  
  21  12:58  Probe  
  21  13:02  High Templar  
  22  13:11  High Templar  
  21  13:19  High Templar  
  21  13:28  High Templar  
  13  13:51  Probe  
  13  13:54  Pylon  
  14  14:01  High Templar  
Tags
 
Matchup
PvT
Spawn Locations
Cross Positions
Add a new tag
Caveats
  • Supply blocks, unpowered buildings, or Contaminate may cause inaccurate times.
  • Supply counts are checked every 10 seconds.